 Dungeon Crawl Stone Soup version 0.29.0-4-gdea44cf6ec (webtiles) character file.

Game seed: 6307179569899214075

86 qw the Chopper (level 4, -4/26 HPs)
             Began as a Tengu Warper on Aug 28, 2022.
             Slain by a black bear (5 damage)
             ... on level 3 of the Dungeon.
             The game lasted 00:00:16 (2888 turns).

qw the Chopper (Tengu Warper)                       Turns: 2888, Time: 00:00:17

Health: -4/26      AC:  5    Str: 13    XL:     4   Next: 50%
Magic:  0/8        EV: 10    Int: 16    God:
Gold:   113        SH:  0    Dex:  9    Spells: 7/7 levels left

rFire   + . .      SeeInvis +   Y - +2 hand axe (venom)
rCold   . . .      Faith    .   (no shield)
rNeg    . . .      Spirit   +   e - +0 ring mail
rPois   .          Reflect  .   (helmet restricted)
rElec   +          Harm     .   (no cloak)
rCorr   .          Rampage  .   (no gloves)
Will    .....                   (boots unavailable)
Stlth   ..........              n - amulet of guardian spirit
HPRegen 0.08/turn               f - ring "Uwkaot" {rElec rF+ Int+2 Dex-4}
MPRegen 0.11/turn               q - ring of see invisible

@: no status effects
A: beak, talons 3
a: no special abilities


You were on level 3 of the Dungeon.
You visited 1 branch of the dungeon, and saw 3 of its levels.

You collected 113 gold pieces.


Innate Abilities, Weirdness & Mutations

You have a beak for a mouth.
You have claws for feet.


   Skills:
 - Level 2.0 Fighting
 + Level 5.1 Axes
 - Level 1.0 Throwing
 - Level 1.1 Armour
 - Level 2.1 Dodging
 - Level 2.0 Spellcasting
 - Level 2.4 Translocations


You had 7 spell levels left.
You didn't know any spells.
Your spell library contained the following spells:

 Spells                   Type           Power      Damage    Failure   Level
 Blink                    Tloc           18%        N/A       26%         2
 Gell's Gravitas          Tloc           9%         N/A       45%         3
 Lesser Beckoning         Tloc           9%         N/A       45%         3
 Teleport Other           Tloc           9%         N/A       45%         3
 Manifold Assault         Tloc           9%         N/A       99%         5

Inventory:

Hand Weapons
 k - a +0 whip
 Y - a +2 hand axe of venom (weapon)
Armour
 e - a +0 ring mail (worn)
Jewellery
 f - the ring "Uwkaot" (left hand) {rElec rF+ Int+2 Dex-4}
   (You found it on level 2 of the Dungeon)

   [ring of protection from fire]

   Int:       It affects your intelligence (+2).
   Dex:       It affects your dexterity (-4).
   rF:        It protects you from fire.
   rElec:     It insulates you from electricity.
 n - an amulet of guardian spirit (around neck)
 q - a ring of see invisible (right hand)
Scrolls
 a - a scroll of identify
Potions
 b - a potion of might
 d - a potion of brilliance {unknown}
 g - 2 potions of heal wounds {unknown}
 j - a potion of curing
 l - a potion of attraction {unknown}

Dungeon Overview and Level Annotations

Branches:
Dungeon (3/15)

Altars:
Xom
Zin


Message History

The angel rambles incoherently.
The angel hits itself with a +3 sacred scourge of holy wrath!!
The angel hits itself with a +3 sacred scourge of holy wrath.
There is a stone staircase leading down here.
A black bear comes into view.
The black bear growls angrily.
Enter note: You barely miss the black bear.
Your kick misses the black bear. The black bear bites you.
The black bear barely misses you.
The black bear claws you but does no damage.
You barely miss the black bear. You claw the black bear.
The black bear is lightly wounded.
The black bear misses you. The black bear claws you.
The black bear completely misses you.
You slash the black bear!
The black bear looks as sick as possible!
The black bear is heavily wounded.
The black bear bites you. The black bear claws you.
The black bear barely misses you.
You hit the black bear but do no damage.
The black bear looks as sick as possible!
The black bear is heavily wounded.
The black bear goes berserk!
You hit the black bear. Your peck misses the black bear.
The black bear is severely wounded.
The black bear bites you. The black bear barely misses you. x2
The black bear bites you! The black bear closely misses you.
The black bear claws you.
You hit the black bear.
The black bear looks as sick as possible!
Your kick misses the black bear.
You peck the black bear, but do no damage.
The black bear is almost dead.
The black bear closely misses you. The black bear claws you. x2
You hit the black bear.
The black bear looks as sick as possible!
The black bear is almost dead.
The black bear bites you. The black bear barely misses you.
The black bear closely misses you. The black bear bites you.
You die...

#####.#######...####
#.# ##.## #.# #.#
#.# #. ###.# #...#
#.### #..## #@..# #
......h......+ +
#######$..#### #
#..## .... ...##
.... #...#


You could see a black bear (berserk, extremely poisoned).

Vanquished Creatures
  An adder (D:2)
  A worm (D:2)
  5 dart slugs
  8 ball pythons
  5 bats
  5 endoplasms
  3 giant cockroaches
  6 goblins
  3 hobgoblins (D:1)
  7 jackals (D:2)
  3 kobolds
  4 quokkas (D:1)
  3 frilled lizards
  4 rats
58 creatures vanquished.

Notes
Turn   | Place    | Note
-------+----------+-------------------------------------------
     0 | D:1      | qw the Tengu Warper began the quest for the Orb.
     0 | D:1      | Reached XP level 1. HP: 12/12 MP: 4/4
     0 | D:1      | 0 ||| qw: Version: 0.1-a-89-g26bdef1
     0 | D:1      | 0 ||| qw: Game counter: 2428
     0 | D:1      | 0 ||| qw: Always use a shield: true
     0 | D:1      | 0 ||| qw: God list: Okawaru
     0 | D:1      | 0 ||| qw: Allow faded altars: false
     0 | D:1      | 0 ||| qw: Do Orc after D:15 true
     0 | D:1      | 0 ||| qw: Do second Lair branch before Depths: true
     0 | D:1      | 0 ||| qw: Lair rune preference: random
     0 | D:1      | 0 ||| qw: Plans: Normal
     0 | D:1      | 0 ||| PLANNING D:1-11
   136 | D:1      | Reached skill level 3 in Axes
   136 | D:1      | Reached XP level 2. HP: 17/17 MP: 6/6
   144 | D:1      | HP: 4/17 [hobgoblin (1)]
   878 | D:1      | 878 ||| DROPPING +0 club.
   902 | D:1      | 902 ||| Stepping ~*~*~tactically~*~*~ (hiding).
   911 | D:1      | Reached XP level 3. HP: 21/21 MP: 7/7
  1477 | D:1      | Reached skill level 4 in Axes
  1485 | D:1      | 1485 ||| UPGRADING to +0 ring mail.
  1495 | D:1      | 1495 ||| DROPPING +0 leather armour.
  1496 | D:1      | 1496 ||| READING 3 scrolls labelled RICO HIRAXZOSI.
  1497 | D:1      | 1497 ||| READING scroll labelled PEFFOI ROLENOCA.
  1501 | D:1      | 1501 ||| READING 2 scrolls labelled WYTUODGH UPERE.
  1502 | D:1      | 1502 ||| READING scroll labelled ATZODO NUWNO.
  1503 | D:1      | 1503 ||| READING 2 scrolls of identify.
  1503 | D:1      | 1503 ||| IDENTIFYING dark potion
  1504 | D:1      | 1504 ||| DROPPING scroll of blinking.
  1505 | D:1      | 1505 ||| DROPPING scroll of noise.
  1506 | D:1      | 1506 ||| DROPPING potion of lignification.
  1514 | D:2      | 1514 ||| STAIRDANCE
  1523 | D:2      | 1523 ||| STAIRDANCE
  1598 | D:2      | 1598 ||| Stepping ~*~*~tactically~*~*~ (stealth).
  1721 | D:2      | 1721 ||| Stepping randomly (stuck).
  1732 | D:2      | 1732 ||| Stepping randomly (stuck).
  1733 | D:2      | 1733 ||| Stepping randomly (stuck).
  1736 | D:2      | 1736 ||| Stepping ~*~*~tactically~*~*~ (hiding).
  1787 | D:2      | Reached XP level 4. HP: 17/26 MP: 8/8
  1913 | D:2      | Identified the ring "Uwkaot" {rElec rF+ Int+2 Dex-4}
  1942 | D:2      | 1942 ||| Stepping ~*~*~tactically~*~*~ (hiding).
  2037 | D:2      | 2037 ||| Stepping ~*~*~tactically~*~*~ (stealth).
  2244 | D:2      | Reached skill level 5 in Axes
  2461 | D:2      | Found a faded altar of an unknown god.
  2556 | D:2      | 2556 ||| SWAPPING to +2 hand axe of venom.
  2557 | D:2      | 2557 ||| DROPPING +0 hand axe.
  2560 | D:2      | 2560 ||| DROPPING orb of guile.
  2561 | D:2      | 2561 ||| UPGRADING to amulet of guardian spirit.
  2566 | D:2      | 2566 ||| UPGRADING to ring "Uwkaot" {rElec rF+ Int+2
                  | Dex-4}.
  2567 | D:2      | 2567 ||| UPGRADING to ring of see invisible.
  2568 | D:2      | 2568 ||| READING scroll labelled ZOCELO NEINK.
  2569 | D:2      | 2569 ||| READING scroll labelled QIRASI DYOKU.
  2570 | D:2      | 2570 ||| READING scroll labelled OCWERCH QEPOKUJ.
  2571 | D:2      | 2571 ||| READING scroll labelled GEYWADOCOS.
  2572 | D:2      | 2572 ||| DRINKING 2 inky potions.
  2573 | D:2      | 2573 ||| READING 2 scrolls of identify.
  2573 | D:2      | 2573 ||| IDENTIFYING green potion
  2574 | D:2      | 2574 ||| READING scroll of teleportation.
  2621 | D:3      | 2621 ||| Stepping ~*~*~tactically~*~*~ (stealth).
  2665 | D:3      | Found a glowing silver altar of Zin.
  2672 | D:3      | Noticed an angel
  2676 | D:3      | Found a shimmering altar of Xom.
  2879 | D:3      | Noticed a black bear
  2887 | D:3      | HP: 5/26 [black bear (2)]
  2888 | D:3      | HP: 1/26 [black bear (2)]
  2888 | D:3      | Slain by a black bear

Levels and vault maps discovered:
D:1:      wander_arrival_lonely_grave, layout_loops_ring
D:2:      layout_basic, basic_ecumenical_altar, minmay_pentomino_w4
D:3:      layout_loops_corners, grunt_temple_overflow_order_and_chaos_1,
          uniq_natasha, uniq_terence, uniq_jessica, uniq_crazy_yiuf_cottage

Skill      XL: |  1  2  3  4 |
---------------+-------------+-----
Axes           | 3 4 5 |  5.1
Fighting       | |  2.0
Throwing       | |  1.0
Armour         | |  1.1
Dodging        | |  2.1
Spellcasting   | |  2.0
Translocations | |  2.4

Action                   |  1- 3 |  4- 6 || total
-------------------------+-------+-------++-------
Melee: Hand axe          |    89 |    42 ||   131
       Kick              |    25 |     9 ||    34
       Peck              |    11 |     9 ||    20
       Punch             |     1 |       ||     1
Throw: Boomerang         |     7 |       ||     7
  Use: Scroll            |     5 |     6 ||    11
       Potion            |       |     1 ||     1
Armor: Leather armour    |     6 |       ||     6
       Ring mail         |    11 |    10 ||    21
Dodge: Dodged            |    35 |    22 ||    57

Table legend:
 A = Non-vault XP
 B = Vault XP
 C = Vault XP percentage of total XP
 D = Non-vault monster count
 E = Vault monster count
 F = Vault count percentage of total count
                 A         B        C        D         E       F
            +---------+---------+-------+---------+---------+-------
      Total |     110 |      14 |  11.3 |      52 |       6 |  10.3
            +---------+---------+-------+---------+---------+-------
        D:1 |      47 |       0 |   0.0 |      24 |       0 |   0.0
        D:2 |      53 |      14 |  20.9 |      21 |       6 |  22.2
        D:3 |      10 |       0 |   0.0 |       7 |       0 |   0.0
            +---------+---------+-------+---------+---------+-------
